 Dungeon Crawl Stone Soup version 0.20-a0-826-g242eb58 (webtiles) character file.

353 Izzatso the Chopper (level 6, -8/57 HPs)
             Began as a Minotaur Fighter on Mar 5, 2017.
             Mangled by a two-headed ogre
             ... wielding a +0 giant club
              (24 damage)
             ... on level 5 of the Dungeon.
             The game lasted 00:05:06 (1892 turns).

Izzatso the Chopper (Minotaur Fighter)              Turns: 1892, Time: 00:05:07

Health: -8/57      AC: 11    Str: 28    XL:     6   Next: 35%
Magic:  5/5        EV:  8    Int:  5    God:
Gold:   228        SH:  0    Dex:  9    Spells: 4/5 levels left

rFire    . . .     SeeInvis .   a - +0 war axe
rCold    . . .     Gourm    .   i - +0 chain mail
rNeg     . . .     Faith    .   (no shield)
rPois    .         Spirit   .   x - +1 hat
rElec    .         Reflect  .   (no cloak)
rCorr    .         Harm     .   w - +0 pair of gloves
MR       .....                  (no boots)
Stlth    ..........             (no amulet)
Regen    0.2/turn               (no ring)
MPRegen  0.1/turn               (no ring)

@: mighty, lethally poisoned (-8 -> -12)
A: retaliatory headbutt, horns 2
a: no special abilities


You were on level 5 of the Dungeon.
You were not hungry.

You visited 1 branch of the dungeon, and saw 4 of its levels.

You collected 228 gold pieces.

Inventory:

Hand Weapons
 a - a +0 war axe (weapon)
Armour
 i - a +0 chain mail (worn)
 w - a +0 pair of gloves (worn)
 x - a +1 hat (worn)
Jewellery
 k - a cursed amulet of inaccuracy {unknown}
 l - a +4 ring of evasion {unknown}
 m - an uncursed ring of positive energy {unknown}
Wands
 o - a wand of enslavement (11/24)
Scrolls
 c - 2 scrolls of teleportation {unknown}
 e - 3 scrolls of identify {unknown}
 h - a scroll of remove curse {unknown}
 n - 2 scrolls of fog {unknown}
 r - a scroll of recharging {unknown}
 t - a scroll of enchant weapon {unknown}
Potions
 j - 2 potions of curing {unknown}
 p - 2 potions of brilliance {unknown}
 q - a potion of ambrosia {unknown}
 s - a potion of invisibility {unknown}
 u - a potion of agility {unknown}
 v - a potion of heal wounds {unknown}
Comestibles
 b - 4 royal jellies
 f - 3 bread rations
 g - a meat ration


   Skills:
 + Level 5.8 Fighting
 + Level 6.6 Axes
 - Level 3.6 Armour
 + Level 0.4 Dodging
 + Level 0.3 Stealth
   Level 3.6 Shields


You had 4 spell levels left.
You knew the following spells:

 Your Spells              Type           Power        Failure   Level  Hunger
a - Animate Skeleton      Necr           N/A          100%        1    ##.....


Dungeon Overview and Level Annotations

Branches:
Dungeon (3/15)

Altars:
Ru


Innate Abilities, Weirdness & Mutations

You reflexively headbutt those who attack you in melee.
You have a pair of horns on your head.


Message History

You feel sick.
You hit the ball python.
You kill the ball python!
You feel sick.
The two-headed ogre hits you with a giant club. x2
You slash the two-headed ogre!
The two-headed ogre is lightly wounded.
You slash the orc!
You kill the orc!
You feel sick.
The howler monkey hoots and howls with incredible vigour!
You hear a bark! x2
A ball python comes into view.
Your chain mail prevents you from hitting the two-headed ogre.
You headbutt the two-headed ogre!
The two-headed ogre is moderately wounded.
The two-headed ogre hits you with a giant club!!
* * * LOW HITPOINT WARNING * * *
The two-headed ogre hits you with a giant club!!
You die...

#....#...#........
#.................
#####.................
.....................
.##..#................
.............oo.......
$.....hoo.o..##.......
l....#O#.#### ##..###
.... #@#.# .... .#
#n..# ... ##.o# o.
....S . n......
....... .......
.......


You could see a two-headed ogre, a necrophage, a howler monkey, 3 orcs and a
ball python.

Vanquished Creatures
  Grinder (D:3)
  Ijyb (D:3)
  2 worker ants
  A gnoll (D:1)
  3 adders (D:2)
  An ooze (D:2)
  A worm (D:2)
  A dart slug (D:1)
  3 leopard geckos
  2 orcs (D:5)
  3 ball pythons
  A giant cockroach (D:1)
  3 goblins
  5 hobgoblins
  2 jackals (D:1)
  9 kobolds
  9 bats
  A frilled lizard (D:3)
  4 rats
53 creatures vanquished.

Notes
Turn   | Place    | Note
-------+----------+-------------------------------------------
     0 | D:1      | Izzatso the Minotaur Fighter began the quest for the Orb.
     0 | D:1      | Reached XP level 1. HP: 19/19 MP: 0/0
   151 | D:1      | Reached XP level 2. HP: 17/28 MP: 1/1
   272 | D:1      | Reached skill level 3 in Axes
   295 | D:1      | Reached XP level 3. HP: 33/34 MP: 2/2
   801 | D:2      | Reached skill level 5 in Fighting
   801 | D:2      | Reached XP level 4. HP: 25/42 MP: 3/3
  1212 | D:2      | Reached skill level 4 in Axes
  1642 | D:3      | Noticed Grinder
  1652 | D:3      | Killed Grinder
  1652 | D:3      | Reached skill level 6 in Axes
  1652 | D:3      | Reached XP level 5. HP: 19/50 MP: 4/4
  1652 | D:3      | Reached XP level 6. HP: 22/57 MP: 5/5
  1716 | D:3      | Learned a level 1 spell: Animate Skeleton
  1835 | D:3      | Found a sacrificial altar of Ru.
  1848 | D:3      | Noticed Ijyb
  1854 | D:3      | Killed Ijyb
  1874 | D:3      | You fall through a shaft for 2 floors!
  1874 | D:5      | Entered Level 5 of the Dungeon
  1874 | D:5      | Noticed a two-headed ogre
  1892 | D:5      | Mangled by a two-headed ogre

Vault maps used:
D:1:      lemuel_arrival_hallway, serial_forest, infiniplex_forest_diagonal,
          infiniplex_forest_straight_2, infiniplex_forest_lined_2,
          infiniplex_forest_zigzag_2, infiniplex_forest_lined_ring,
          infiniplex_forest_straight_5, infiniplex_forest_corner_1
D:2:      wad_river_or_something, first_bread
D:3:      nicolae_ru_sacrificial_ziggurat, uniq_iyjb, uniq_grinder
D:5:      temple_fountains, serial_shops, kennysheep_little_box,
          nicolae_underground_beach

Skill      XL: |  1  2  3  4 |
---------------+-------------+-----
Fighting       | 4 5 |  5.8
Axes           | 3 6 |  6.6
Armour         | |  3.6
Dodging        | |  0.4
Stealth        | |  0.3
Shields        | |  3.6

Action                   |  1- 3 |  4- 6 || total
-------------------------+-------+-------++-------
Melee: War axe           |    62 |    53 ||   115
       Headbutt          |     5 |     5 ||    10
  Use: Potion            |       |     2 ||     2
  Eat: Chunk             |       |     3 ||     3
Armor: Scale mail        |     8 |       ||     8
       Chain mail        |    28 |    25 ||    53
Dodge: Dodged            |    37 |    25 ||    62
